Cogmind - Beta 14 @@@ ROGUE MODE // 2024.12.08 @ 10:31:16 Player: Beef Result: Destroyed by G-47 Trooper with Particle Gun Performance ------------- Evolutions (2) 1000 Regions Visited (4) 800 Robots Destroyed (34) 170 Value Destroyed (754) 754 Prototype IDs (1) 20 Alien Tech Used (0) 0 Bonus (0) 0 TOTAL SCORE: 2744 Bonus ------- None Cogmind --------- Core Integrity 0/550 Matter 300/300 Energy 100/100 System Corruption 0% Temperature Cool (18) Movement Core (1350) Ox26 Location -8/Materials Parts ------- > --- POWER (2) -------- (None) > --- PROPULSION (2) --- (None) > --- UTILITY (5) ------ Huge Storage Unit > --- WEAPON (2) ------- (None) > --- INVENTORY (25) --- Compact Matter Pod (10) Compact Matter Pod (0) Improved Terrain Scanner Seismic Detector Improved Utility Shielding Improved Utility Shielding Improved Utility Shielding Light Armor Plating Peak State ------------ > --- POWER ------------ Light Ion Engine Light Ion Engine > --- PROPULSION ------- Gravmag System Gravmag System > --- UTILITY ---------- Huge Storage Unit Compact Matter Pod Compact Matter Pod Targeting Computer Improved Utility Shielding > --- WEAPON ----------- Pulse Rifle Remote Datajack > --- INVENTORY -------- Compact Matter Pod Compact Matter Pod Improved Terrain Scanner Seismic Detector Improved Utility Shielding Improved Utility Shielding Improved Utility Shielding Light Armor Plating [Rating: 30] Favorites ----------- Power Light Ion Engine Engine Light Ion Engine Power Core Light Nuclear Core Propulsion Light Treads Treads Light Treads Leg Aluminum Leg Wheel Wheel Hover Unit Gravmag System Flight Unit Flight Unit Utility Huge Storage Unit Device Sensor Array Storage Huge Storage Unit Processor Targeting Computer Protection Improved Utility Shielding Weapon Light Assault Rifle Energy Gun Beam Rifle Ballistic Gun Light Assault Rifle Launcher Rocket Launcher Special Weapon Remote Datajack Build | -11 -10 -10 -9 -8 ------- Run | Yrd Mat Min Mat Mat Slots Evolved 4 | . . . 2 2 Power 1 | . . . 1 . Propulsion . | . . . . . Utility 3 | . . . 1 2 Weapon . | . . . . . Parts Attached 38 | 4 12 2 13 7 Power 7 | 1 1 . 5 . Engine 6 | 1 1 . 4 . Core 1 | . . . 1 . Reactor . | . . . . . Propulsion 13 | 2 5 . 4 2 Treads 5 | . 4 . 1 . Leg 2 | . . . 2 . Wheel 3 | 2 1 . . . Hover 2 | . . . . 2 Flight 1 | . . . 1 . Utility 8 | . 3 . 3 2 Device 2 | . 2 . . . Storage 3 | . 1 . 1 1 Processor 2 | . . . 2 . Hackware . | . . . . . Protection 1 | . . . . 1 Artifact . | . . . . . Weapon 10 | 1 3 2 1 3 Energy Gun 4 | 1 . . 1 2 Energy Cannon . | . . . . . Ballistic Gun 2 | . . 2 . . Ballistic Cannon . | . . . . . Launcher 3 | . 3 . . . Special Weapon 1 | . . . . 1 Impact Weapon . | . . . . . Slashing Weapon . | . . . . . Piercing Weapon . | . . . . . Special Melee Weapon . | . . . . . Unidentified Prototypes 1 | . 1 . . . Parts Lost 20 | . 2 . 7 11 Power 6 | . 1 . 3 2 Propulsion 4 | . . . 2 2 Utility 5 | . . . 1 4 Weapon 5 | . 1 . 1 3 Highest Loss Streak 10 | . 2 . 4 10 To Critical Strikes . | . . . . . Average Slot Usage (%) 89 | . 76 99 86 94 Engine 15 | . 13 14 16 16 Treads 15 | . 23 28 7 8 Leg 3 | . . . 7 3 Hover 1 | . . . . 5 Device 4 | . 6 14 1 . Storage 17 | . 13 14 14 26 Processor 6 | . . . 12 8 Protection 2 | . . . . 8 Energy Gun 3 | . 1 . 2 8 Ballistic Gun 12 | . . 27 19 2 Launcher 2 | . 12 . . . Special Weapon 1 | . . . . 5 Peak Build Rating 30 | 4 11 11 15 30 Average Rating 13 | 2 9 10 10 23 On Entrance 8 | . 4 11 11 14 Naked Turns . | . . . . . Heaviest Build 97 | 5 96 93 96 97 Greatest Support 43 | 20 43 43 43 20 Greatest Overweight (x) 29 | . 4 2 29 28 Average Overweight (x) 3 | . 2 2 4 7 Largest Inventory Capacity 25 | 5 25 25 25 25 Average Capacity 24 | 5 23 25 25 25 Most Carried 19 | 1 7 9 19 11 Average Carried 6 | . 3 7 7 5 Final Capacity 25 | 5 25 25 25 25 Final Carried 8 | . 7 7 7 8 Class Distribution -------------------- 69% | Mutant 30% | Scavenger-Mutant Dominant Class ---------------- Mutant | -10/Materials Mutant | -10/Mines Scavenger-Mutant | -9/Materials Mutant | -8/Materials Resources | -11 -10 -10 -9 -8 ----------- Run | Yrd Mat Min Mat Mat Matter Collected 982 | 240 119 8 332 283 Remotely . | . . . . . Salvage Created 833 | 50 198 11 291 283 Parts 73 | 1 17 8 35 12 Haulers Intercepted . | . . . . . Recyclers Shooed . | . . . . . Parts Field Recycled . | . . . . . Retrieved Matter . | . . . . . Parts Self-Destructed . | . . . . . Prevented . | . . . . . Kills | -11 -10 -10 -9 -8 ------- Run | Yrd Mat Min Mat Mat Combat Hostiles Destroyed 22 | 1 7 3 9 2 Guns 10 | . . . 9 1 AOE 11 | 1 7 3 . . Classes Destroyed 8 | 1 3 1 1 2 Worker 2 | . 1 . 1 . Builder 1 | . 1 . . . Tunneler 2 | . . . . 2 Recycler 1 | . . . . 1 Watcher 6 | . 2 . 3 1 Swarmer 10 | . . 3 7 . Grunt 10 | 1 7 . 1 1 Sentry 2 | . . . 1 1 Best Kill Streak 4 | 1 4 3 4 2 Combat Bots Only 4 | 1 3 3 4 1 Max Kills in Single Turn 3 | 1 2 3 2 1 Gunslinging 1 | . . . 1 . Exploded 3 | 1 1 3 . . Melee . | . . . . . Uniques/NPCs Destroyed . | . . . . . Combat | -11 -10 -10 -9 -8 -------- Run | Yrd Mat Min Mat Mat Hostile Shots Fired 272 | 5 39 12 102 114 Missed 84 | 2 17 4 25 36 Damage Taken 2417 | 34 334 102 647 1300 Core 775 | 10 95 38 81 551 Absorbed by Shields . | . . . . . Redirected to Shielding 100 | . . . . 100 Core Remaining (%) 72 | 96 . 42 79 . Volleys Fired 102 | 6 21 1 30 44 Largest 2 | 1 1 1 2 2 Hottest 76 | 40 40 33 40 76 Shots Fired 144 | 6 21 1 60 56 Gun 123 | 6 3 . 60 54 Cannon . | . . . . . Launcher 19 | . 18 1 . . Special 2 | . . . . 2 Kinetic 72 | . . . 60 12 Thermal 25 | . . . . 25 Explosive 19 | . 18 1 . . Electromagnetic 26 | 6 3 . . 17 Robot Hit Streak 10 | 6 10 . 7 5 Robot Miss Streak 5 | . 4 1 5 3 Penetration Max . | . . . . . Secondary Targets 2 | . . . 2 . Max Gunslinging Chain 1 | . . . 1 . Shots Hit Robots 82 | 6 12 . 32 32 Core Hits 56 | 2 18 3 22 11 Critical Kills 2 | . . . 2 . Critical Parts Destroyed . | . . . . . Critical Strikes 2 | . . . 2 . Destroy 2 | . . . 2 . Melee Attacks . | . . . . . Impact . | . . . . . Slashing . | . . . . . Piercing . | . . . . . Sneak Attacks . | . . . . . Combat Hostiles . | . . . . . Follow-up Attacks . | . . . . . Damage Inflicted 2159 | 183 984 142 287 563 Guns 964 | 80 41 . 280 563 Cannons . | . . . . . Explosions 1180 | 103 935 142 . . Melee . | . . . . . Ramming 15 | . 8 . 7 . Kinetic 320 | . . . 280 40 Thermal 364 | 103 . . . 261 Explosive 1077 | . 935 142 . . Electromagnetic 383 | 80 41 . . 262 Impact . | . . . . . Slashing . | . . . . . Piercing . | . . . . . Highest Corruption 2 | . . . 2 . Average Corruption 2 | . . . 2 . Corruption Purged . | . . . . . Corruption Blocked . | . . . . . Effects 14 | . . . 14 . Message Errors 1 | . . . 1 . Matter Fused 4 | . . . 4 . Energy Discharges 2 | . . . 2 . Data Loss (minor) 4 | . . . 4 . Data Loss (major) 1 | . . . 1 . Misfires 1 | . . . 1 . Alerts 1 | . . . 1 . Overload Shots . | . . . . . Overflow Damage 34 | 17 17 . . . Projectiles . | . . . . . Explosions 34 | 17 17 . . . Melee . | . . . . . Knockbacks . | . . . . . Impact . | . . . . . Kinetic . | . . . . . Secondary . | . . . . . Self-Inflicted Damage 91 | . 57 34 . . Shots 3 | . 2 1 . . Rammed 3 | . 2 . . 1 Targets Rammed 4 | . 2 . 1 1 Kicked 1 | . . . 1 . Crushed . | . . . . . Highest Temperature 157 | 18 6 . 15 157 Average Temperature 43 | 12 5 . 6 54 Received Heat Transfer 936 | 18 153 . 18 747 Siege Activations . | . . . . . Robots Corrupted 1 | . . . . 1 Combat Hostiles 1 | . . . . 1 Parts Fried 4 | . . . . 4 Impact Corruptions . | . . . . . Robots Melted . | . . . . . Combat Hostiles . | . . . . . Parts Melted . | . . . . . Heat Transferred 779 | 150 . . . 629 Parts Sabotaged . | . . . . . Parts Stolen . | . . . . . Parts Stripped . | . . . . . Power Chain Reactions 1 | 1 . . . . Alert | -11 -10 -10 -9 -8 ------- Run | Yrd Mat Min Mat Mat Peak Influence 245 | 20 245 127 112 102 Initial 44 | . 13 44 . . Average 57 | 1 115 67 34 44 Maximum Alert Level 1 | . 1 . . . Low Security (%) 97 | 100 85 100 100 100 Level 1 2 | . 14 . . . Level 2 . | . . . . . Level 3 . | . . . . . Level 4 . | . . . . . Level 5 . | . . . . . High Security . | . . . . . Max Security . | . . . . . Squads Dispatched 1 | . . . 1 . Investigation . | . . . . . Extermination . | . . . . . Reinforcement 1 | . . . 1 . Assault . | . . . . . Garrison . | . . . . . Intercept . | . . . . . Searches Triggered . | . . . . . Construction Impeded . | . . . . . Haulers Reinforced . | . . . . . Active Scanning Responses . | . . . . . Cargo Convoy Interrupts . | . . . . . Stealth | -11 -10 -10 -9 -8 --------- Run | Yrd Mat Min Mat Mat Distress Signals 3 | . . . 3 . Communications Jammed . | . . . . . Distress Signals . | . . . . . Times Spotted 42 | 1 11 3 18 9 Peak Tracking Total 6 | 1 4 3 6 3 Tactical Retreats . | . . . . . Traps | -11 -10 -10 -9 -8 ------- Run | Yrd Mat Min Mat Mat Traps Triggered 1 | . . . 1 . Indirectly . | . . . . . Trap Hack Attempts . | . . . . . Triggered . | . . . . . Disarmed . | . . . . . Reprogrammed . | . . . . . Reused . | . . . . . Traps Extracted . | . . . . . Installed . | . . . . . Triggered . | . . . . . Machines | -11 -10 -10 -9 -8 ---------- Run | Yrd Mat Min Mat Mat Machines Disabled 7 | . 6 . . 1 Max in Single Turn 2 | . 2 . . 1 Machines Repaired . | . . . . . Machines Dismantled . | . . . . . Machines Sabotaged . | . . . . . Overloaded Fab Kills . | . . . . . Hacking | -11 -10 -10 -9 -8 --------- Run | Yrd Mat Min Mat Mat Machines Accessed 1 | . . . . 1 Terminals 1 | . . . . 1 Fabricators . | . . . . . Repair Stations . | . . . . . Recycling Units . | . . . . . Scanalyzers . | . . . . . Garrison Access . | . . . . . Total Hacks 4 | . . . . 4 Successful 3 | . . . . 3 Failed 1 | . . . . 1 Catastrophic . | . . . . . Database Lockouts . | . . . . . Manual 1 | . . . . 1 Terminals 4 | . . . . 4 Fabricators . | . . . . . Repair Stations . | . . . . . Recycling Units . | . . . . . Scanalyzers . | . . . . . Garrison Access . | . . . . . Terminal Hacks 3 | . . . . 3 Record 1 | . . . . 1 Dispatch Records 1 | . . . . 1 Zone Layout 1 | . . . . 1 Fabricator Hacks . | . . . . . Repair Station Hacks . | . . . . . Recycling Unit Hacks . | . . . . . Scanalyzer . | . . . . . Garrison Access Hacks . | . . . . . Unauthorized Hacks . | . . . . . Terminals . | . . . . . Fabricators . | . . . . . Repair Stations . | . . . . . Recycling Units . | . . . . . Scanalyzers . | . . . . . Garrison Access . | . . . . . Data Cores Recovered . | . . . . . Used . | . . . . . Hacking Detections 1 | . . . . 1 Full Trace Events . | . . . . . Feedback Events . | . . . . . Feedback Blocked . | . . . . . Robot Schematics Acquired . | . . . . . Robots Built . | . . . . . Authchips . | . . . . . Time . | . . . . . Total Robot Build Rating . | . . . . . Part Schematics Acquired . | . . . . . Parts Built . | . . . . . Authchips . | . . . . . Time . | . . . . . Total Part Build Rating . | . . . . . Parts Repaired . | . . . . . Time . | . . . . . Parts Recycled . | . . . . . Recycled Matter . | . . . . . Retrieved Matter . | . . . . . Retrieved Components . | . . . . . Parts Scanalyzed . | . . . . . Part Schematics Acquired . | . . . . . Parts Damaged . | . . . . . Bothacking | -11 -10 -10 -9 -8 ------------ Run | Yrd Mat Min Mat Mat Used RIF Installer . | . . . . . Robots Hacked . | . . . . . Non-combat . | . . . . . Combat . | . . . . . Robot Hacks Applied . | . . . . . Relay Couplers Released . | . . . . . Fabnet Peak Effective % . | . . . . . Robots Rewired . | . . . . . Allies Hacked . | . . . . . Hacks Repelled . | . . . . . Allies | -11 -10 -10 -9 -8 -------- Run | Yrd Mat Min Mat Mat Total Allies . | . . . . . Largest Group . | . . . . . Highest-Rated Group . | . . . . . Highest-Rated Ally . | . . . . . Total Orders . | . . . . . Ally Attacks . | . . . . . Total Damage . | . . . . . Kills . | . . . . . Allies Corrupted . | . . . . . Allies Melted . | . . . . . Intel | -11 -10 -10 -9 -8 ------- Run | Yrd Mat Min Mat Mat Robot Analysis Total . | . . . . . Derelict Logs Recovered 2 | . . 2 . . Drone Launches . | . . . . . Drone Recoveries . | . . . . . Exploration | -11 -10 -10 -9 -8 ------------- Run | Yrd Mat Min Mat Mat Turns Passed 3291 | 79 563 743 1006 900 Spaces Moved 814 | 81 189 231 182 131 Core 21 | 17 . . 1 3 Treads 531 | . 123 231 112 65 Legs 56 | . . . 56 . Wheels 130 | 64 66 . . . Hover 63 | . . . . 63 Flight 13 | . . . 13 . Fastest Speed 50 | 50 80 320 320 356 Average Speed 362 | 73 257 320 488 594 Slowest Speed 1720 | 80 400 320 1720 1450 Overloaded Moves . | . . . . . Propulsion Burnouts . | . . . . . Robots Hopped . | . . . . . Cave-ins Triggered . | . . . . . Exploration Rate (%) 32 | 6 42 77 25 11 Regions Visited 4 Branch Regions 1 Pre-discovered Areas 2 | . . 2 . . Known Exits Taken . | . . . . . Unknown Exits Taken 4 | 1 1 1 1 . Scrap Searched . | . . . . . Spaces Dug . | . . . . . Terrain Destroyed 75 | . 62 13 . . Melee . | . . . . . Projectile . | . . . . . AOE 75 | . 62 13 . . Terrain Rammed . | . . . . . Walls Destroyed . | . . . . . Machines Disabled . | . . . . . Actions | -11 -10 -10 -9 -8 --------- Run | Yrd Mat Min Mat Mat Total 1023 | 92 243 236 255 197 Wait 4 | 1 2 . 1 . Move 810 | 80 188 230 181 131 Hop . | . . . . . Pick Up 32 | 1 8 2 14 7 Fast Attach 25 | 3 8 . 10 4 Attach 13 | 1 4 2 3 3 Detach 5 | . 5 . . . Swap . | . . . . . Drop 28 | . 5 1 15 7 Fire 102 | 6 21 1 30 44 Melee . | . . . . . Ram 1 | . . . . 1 Kick 1 | . . . 1 . Crush 2 | . 2 . . . Escape Stasis . | . . . . . Rewire . | . . . . . Trap . | . . . . . Miscellaneous . | . . . . . Route ------- -11/Scrapyard -10/Materials -10/Mines -9/Materials -8/Materials History --------- Turn | Location | Event 2 | -11/Scrapyard | Met Revision 17 60 | -11/Scrapyard | Discovered new exit (range 8) 80 | -11/Scrapyard | Entered Materials 327 | -10/Materials | Build established: Mutant 552 | -10/Materials | Discovered new exit (range 15) 643 | -10/Materials | Entered Mines 648 | -10/Mines | Core integrity fell below 50% 650 | -10/Mines | Met a Derelict bent on vengeance 743 | -10/Mines | Learned location of Zion (-7) 1344 | -10/Mines | Discovered new exit (range 10) 1386 | -10/Mines | Entered Materials 1386 | -9/Materials | Evolved 2 slots: Power x1, Utility x1 1719 | -9/Materials | Lost 4 parts (2p2n) 2063 | -9/Materials | Build established: Scavenger-Mutant 2291 | -9/Materials | Discovered new exit (range 15) 2392 | -9/Materials | Entered another Materials area 2392 | -8/Materials | Evolved 2 slots: Utility x2 3065 | -8/Materials | Build established: Mutant 3263 | -8/Materials | Core integrity fell below 50% 3274 | -8/Materials | Core integrity fell below 20% 3292 | -8/Materials | Destroyed by G-47 Trooper with Particle Gun Last Messages --------------- 03078_ Acquired Imp. Terrain Scanner. 03215_ Dropped Lgt. Treads. 03219_ C-30 ARC bursts open, deploying its payload. 03219_ G-50 Soldier unfolds itself. 03219_ G-47 Trooper unfolds itself. 03222_ Acquired Gravmag System. 03228_ Lgt. Ion Engine destroyed. 03228_ K-01 Serf collects debris. 03234_ Gravmag System destroyed. 03245_ Lgt. Ion Engine destroyed. 03247_ Critical hit (Burn: +37). 03248_ Remote Datajack destroyed. 03253_ Pulse Rifle destroyed. 03256_ Imp. Utility Shielding destroyed. 03262_ Critical hit (Burn: +37). 03266_ Com. Matter Pod destroyed. 03275_ Targeting Computer destroyed. 03276_ Com. Matter Pod destroyed. [Achievement: First Step to Greatness] Map ----- +----------------------------------------------------+ | ???????????????????????????????????????? | | ???????????????????????????????????????? | | ???????????????????????????????????????? | | ???????????????????????????????????????? | | ???????????????????????????????????????? | | ???????????????????????????????????????? | | ???????????????????????????????????????? | | ????????????? ???????????????????????? | | ????????????? #??????????????????????? | | ????????????? #??????????????????????? | | ?????????????u #??????????????????????? | | ????????????# #??????????????????????? | | ????????????# #??????????????????????? | | ????????????# /??????????????????????? | | ????????????# #??????????????????????? | | ?############ #??????????????????????? | | ?# # #??????????????????????? | | ??# * # #??????????????????????? | | ??#! [[""" # #??????????????????????? | | ??# = """ # #??????????????????????? | | ??# " """ # #??????????????????????? | | ??# "Y # #########??????????????? | | ??# " + ##==!!!!#??????????????? | | ??# # ## !!!!#??????????????? | | ??########### ##= #??????????????? | | ????????????# @## #######????????? | | ????????##### g %" ?????? | | ????????#[[ g " ?????? | | ????????#[ g ?????? | | ????????#// ################ ??????? | | ????????#// #??????????????????????? | | ????????#|| #??????????????????????? | | ????????#| #########""" # + | | ????????##### # ##""" # # | | ????????????# # * ##""" # # | | ????????????# # ## + ## | | ????????????# + !! ## #####+### | | ????????????# # !! ########## | | ????????????# # # #?# """ | | ????????????# ######## """ "#?# """ | | ????????????# #??????# """ T#?# """ | | ????????????# #??????# """ "#?# | | ????????????# #??????# #?# """ | | ????????????# #??????# #?# """ | | ????????????# #?????###+#####?# """ | | ???########## ####### #???# | | ???# # ############ | | ???# # T | | ???# # ############ | | ???# # ####### #??????# | +----------------------------------------------------+ Best States ------------- Heat Dissipation 31 Energy Generation 23 Energy Capacity 340 Matter Stores 474 Matter Capacity 600 Sight Range 16 Robot Scan Range 14 Terrain Scan Density 10 Utility Shielding 66 Evasion (%) 50 Targeting Accuracy 5 Recoil Reduction 2 Item Schematics ----------------- None Robot Schematics ------------------ None Fabricated ------------ Nothing Alien Tech Used ----------------- None Achievements -------------- First Step to Greatness Storm Trooper Universal Adapter Challenges ------------ None Game ------ Seed SpectralWardroneCarapace Manual? 0 Play Time 00:34:52 Cumulative 0.5 hours Start 2024.12.08 @ 09:51:15 End 2024.12.08 @ 10:31:16 Sessions 1 Manual Loads 0 Difficulty Rogue Special Mode None Game No. 2 Rogue 1 Adventurer 1 Explorer 0 Win Type - Total 0 Types 0/0/0/0/0/0/0/0/0 Lore% 2 Gallery% 5 Achievement% 5 Wizard Run 0 Options --------- Layout 1 ASCII 0 Keyboard 0 Movement Numpad Keybinds 0 Fullscreen 2 Font 24/Smallcaps Map View 50x35 Zoom Use 0% Tactical HUD 1 Map Filters NONE Filters NONE Steam 1 RUN: 65520d16-a9dc-46a4-ae56-e88527dcf43b